TOP OF THE 1ST |
District 9 Prawns batting - Pitching for Albuquerque Isotopes : RHP Francisco Álvarez
|
Pitching: RHP Francisco Álvarez
|
|
Batting: LHB Tommy Payne
|
0-0: Called Strike 0-1: Ground out U3 (Groundball, 34S)
|
Batting: LHB Pedro Gonzáles
|
0-0: Ball 1-0: Ball 2-0: Foul Ball, location: 2F 2-1: Called Strike 2-2: Ball 3-2: Ground out 3-1 (Groundball, 34)
|
Batting: LHB Miguel Barrón
|
0-0: Called Strike 0-1: Called Strike 0-2: Foul Ball, location: 2F 0-2: Ball 1-2: Strikes out swinging
|
Top of the 1st over - 0 run(s), 0 hit(s), 0 error(s), 0 left on base; District 9 0 - Albuquerque 0 |
BOTTOM OF THE 1ST |
Albuquerque Isotopes batting - Pitching for District 9 Prawns : RHP Tim Hill
|
Pitching: RHP Tim Hill
|
|
Batting: RHB Miguel Monteagudo
|
0-0: Called Strike 0-1: Ball 1-1: DOUBLE (Line Drive, 78M)
|
Batting: LHB Bernardo Montés
|
0-0: Ball 1-0: Called Strike 1-1: Ball 2-1: Foul Ball, location: 2F 2-2: Ball 3-2: Base on Balls
|
Batting: LHB José González
|
0-0: Ball 1-0: SINGLE (Groundball, 34D) Miguel Monteagudo to third Bernardo Montés to second
|
Batting: RHB Roberto Tobías
|
0-0: Ball 1-0: Foul Ball, location: 2F 1-1: Called Strike 1-2: Ball 2-2: Ball 3-2: SINGLE (Groundball, 34D) Miguel Monteagudo scores Bernardo Montés to third José González to second
|
Batting: RHB Alden Isenhood
|
0-0: Ball 1-0: Ball 2-0: Ground out U3 (Groundball, 34S) Bernardo Montés scores José González to third Roberto Tobías to second
|
Batting: RHB Arturo García
|
0-0: Ball 1-0: TRIPLE (Line Drive, 3L) José González scores Roberto Tobías scores
|
Batting: RHB Juan Vareas
|
0-0: Foul Ball, location: 2F 0-1: Ball 1-1: Called Strike 1-2: Foul Ball, location: 2F 1-2: Ball 2-2: Foul Ball, location: 2F 2-2: Strikes out swinging
|
Batting: LHB Pedro Cruz
|
0-0: Called Strike 0-1: Ball 1-1: Ball 2-1: Fly out, F7 (Flyball, 7S)
|
Bottom of the 1st over - 4 run(s), 4 hit(s), 0 error(s), 1 left on base; District 9 0 - Albuquerque 4 |
TOP OF THE 2ND |
District 9 Prawns batting - Pitching for Albuquerque Isotopes : RHP Francisco Álvarez
|
Batting: RHB António Zúñiga
|
0-0: Ball 1-0: Called Strike 1-1: Ball 2-1: Foul Ball, location: 2F 2-2: Strikes out swinging
|
Batting: SHB Rick Turner
|
0-0: Foul Ball, location: 2F 0-1: Ball 1-1: Foul Ball, location: 2F 1-2: Ball 2-2: Ball 3-2: Foul Ball, location: 2F 3-2: Strikes out looking
|
Batting: RHB Edgardo Carrasco
|
0-0: Called Strike 0-1: Ball 1-1: Ball 2-1: Called Strike 2-2: Ground out 5-3 (Groundball, 5)
|
Top of the 2nd over - 0 run(s), 0 hit(s), 0 error(s), 0 left on base; District 9 0 - Albuquerque 4 |
BOTTOM OF THE 2ND |
Albuquerque Isotopes batting - Pitching for District 9 Prawns : RHP Tim Hill
|
Batting: RHB Rick Ayliffe
|
0-0: Ball 1-0: DOUBLE (Line Drive, 7D)
|
Batting: RHB Miguel Monteagudo
|
0-0: Ball 1-0: Called Strike 1-1: Swinging Strike 1-2: Ball 2-2: Ball 3-2: Foul Ball, location: 2F 3-2: Strikes out looking
|
Batting: LHB Bernardo Montés
|
0-0: Called Strike 0-1: Ball 1-1: Ball 2-1: Ball 3-1: Base on Balls
|
Batting: LHB José González
|
0-0: Foul Ball, location: 2F 0-1: Ball Wild Pitch! Rick Ayliffe to third Bernardo Montés to second 1-1: Ball 2-1: Fly out, F8 (Flyball, 8RS)
|
Batting: RHB Roberto Tobías
|
0-0: Called Strike 0-1: SINGLE (Groundball, 4) (infield hit) Rick Ayliffe scores Bernardo Montés to third
|
Batting: RHB Alden Isenhood
|
0-0: Foul Ball, location: 2F 0-1: Fielders Choice at 2nd, 6-4 (Groundball, 6)
|
Bottom of the 2nd over - 1 run(s), 2 hit(s), 0 error(s), 1 left on base; District 9 0 - Albuquerque 5 |
TOP OF THE 3RD |
District 9 Prawns batting - Pitching for Albuquerque Isotopes : RHP Francisco Álvarez
|
Batting: RHB Phil Jacobs
|
0-0: Called Strike 0-1: Ball 1-1: Ball 2-1: Foul Ball, location: 2F 2-2: Ball 3-2: Base on Balls
|
Batting: RHB José Colón
|
0-0: Ball 1-0: Called Strike 1-1: Swinging Strike 1-2: Foul Ball, location: 2F 1-2: Fly out, F8 (Flyball, 8LD)
|
Batting: RHB Boyd Pittman
|
0-0: Called Strike 0-1: Ball 1-1: Ball 2-1: Called Strike 2-2: Fly out, F9 (Flyball, 89M)
|
Batting: LHB Tommy Payne
|
0-0: Called Strike 0-1: Called Strike 0-2: Ball 1-2: Ball 2-2: SINGLE (Groundball, 4MD) Phil Jacobs to second Runner from 2nd tries for 3rd, SAFE, throw made to third
|
Batting: LHB Pedro Gonzáles
|
0-0: Ball 1-0: Foul Ball, location: 2F 1-1: Ball 2-1: Ball 3-1: Ground out 4-3 (Groundball, 34)
|
Top of the 3rd over - 0 run(s), 1 hit(s), 0 error(s), 2 left on base; District 9 0 - Albuquerque 5 |
BOTTOM OF THE 3RD |
Albuquerque Isotopes batting - Pitching for District 9 Prawns : RHP Tim Hill
|
Batting: RHB Arturo García
|
0-0: Ball 1-0: Fly out, F8 (Flyball, 8RD)
|
Batting: RHB Juan Vareas
|
0-0: Foul Ball, location: 2F 0-1: Swinging Strike 0-2: SINGLE (Line Drive, 8LS)
|
Batting: LHB Pedro Cruz
|
0-0: Ball 1-0: Called Strike 1-1: Foul Ball, location: 2F 1-2: Strikes out swinging
|
Batting: RHB Rick Ayliffe
|
0-0: Foul Ball, location: 2F 0-1: Ball 1-1: Called Strike 1-2: Foul Ball, location: 2F 1-2: Ball 2-2: Ball 3-2: Base on Balls Juan Vareas to second
|
Batting: RHB Miguel Monteagudo
|
0-0: Called Strike 0-1: Ball 1-1: Foul Ball, location: 2F 1-2: Strikes out swinging
|
Bottom of the 3rd over - 0 run(s), 1 hit(s), 0 error(s), 2 left on base; District 9 0 - Albuquerque 5 |
TOP OF THE 4TH |
District 9 Prawns batting - Pitching for Albuquerque Isotopes : RHP Francisco Álvarez
|
Batting: LHB Miguel Barrón
|
0-0: Called Strike 0-1: SINGLE (Line Drive, 8LS)
|
Batting: RHB António Zúñiga
|
0-0: Ball 1-0: Fly out, F9 (Flyball, 9LSF)
|
Batting: SHB Rick Turner
|
0-0: Ball Miguel Barrón steals 2nd base 1-0: Ball 2-0: SINGLE (Line Drive, 89S) Miguel Barrón to third Runner from 3rd tries for Home, SAFE, no throw
|
Batting: RHB Edgardo Carrasco
|
0-0: Swinging Strike 0-1: Called Strike 0-2: Grounds into double play, 5-4-3 (Groundball, 5)
|
Top of the 4th over - 1 run(s), 2 hit(s), 0 error(s), 0 left on base; District 9 1 - Albuquerque 5 |
BOTTOM OF THE 4TH |
Albuquerque Isotopes batting - Pitching for District 9 Prawns : RHP Tim Hill
|
Batting: LHB Bernardo Montés
|
0-0: Called Strike 0-1: Called Strike 0-2: Fly out, F5 (Line Drive, 5)
|
Batting: LHB José González
|
0-0: Ground out 4-3 (Groundball, 4)
|
Batting: RHB Roberto Tobías
|
0-0: Ball 1-0: SINGLE (Flyball, 8LS)
|
Batting: RHB Alden Isenhood
|
0-0: Foul Ball, location: 2F 0-1: Swinging Strike 0-2: Fly out, F4 (Line Drive, 4D)
|
Bottom of the 4th over - 0 run(s), 1 hit(s), 0 error(s), 1 left on base; District 9 1 - Albuquerque 5 |
TOP OF THE 5TH |
District 9 Prawns batting - Pitching for Albuquerque Isotopes : RHP Francisco Álvarez
|
Batting: RHB Phil Jacobs
|
0-0: Ball 1-0: Called Strike 1-1: Ball 2-1: Swinging Strike 2-2: Strikes out swinging
|
Batting: RHB José Colón
|
0-0: Foul Ball, location: 2F 0-1: Ground out 5-3 (Groundball, 5L)
|
Batting: RHB Boyd Pittman
|
0-0: SINGLE (Groundball, 6MD)
|
Pitching: RHP César De La Cruz
|
|
Batting: LHB Tommy Payne
|
0-0: Swinging Strike 0-1: Called Strike 0-2: Ball 1-2: Ball 2-2: Ball 3-2: Base on Balls Boyd Pittman to second
|
Batting: LHB Pedro Gonzáles
|
0-0: Ball 1-0: Swinging Strike 1-1: SINGLE (Flyball, 7S) Boyd Pittman to third Tommy Payne to second Runner from 3rd tries for Home, SAFE, no throw
|
Batting: LHB Miguel Barrón
|
0-0: Called Strike 0-1: Ball 1-1: Swinging Strike 1-2: Ball 2-2: 3-RUN HOME RUN (Flyball, 9LD), Distance : 381 ft
|
Pitching: RHP Mark Sanders
|
|
Batting: RHB António Zúñiga
|
0-0: Called Strike 0-1: DOUBLE (Line Drive, 8RXD)
|
Batting: SHB Rick Turner
|
0-0: Intentional Walk
|
Batting: RHB Edgardo Carrasco
|
0-0: Fly out, F9 (Flyball, 9)
|
Top of the 5th over - 4 run(s), 4 hit(s), 0 error(s), 2 left on base; District 9 5 - Albuquerque 5 |
BOTTOM OF THE 5TH |
Albuquerque Isotopes batting - Pitching for District 9 Prawns : RHP Tim Hill
|
Batting: RHB Arturo García
|
0-0: Ball 1-0: Fly out, F6 (Popup, 5D)
|
Batting: RHB Juan Vareas
|
0-0: Ground out U3 (Groundball, 3)
|
Batting: LHB Pedro Cruz
|
0-0: Called Strike 0-1: Foul Ball, location: 2F 0-2: Ball 1-2: Ball 2-2: Ball 3-2: DOUBLE (Line Drive, 78M)
|
Batting: RHB Rick Ayliffe
|
0-0: Ball 1-0: Ball 2-0: SINGLE (Groundball, 56D) Pedro Cruz to third Runner from 3rd tries for Home, SAFE, no throw
|
Batting: RHB Miguel Monteagudo
|
0-0: Ball 1-0: Called Strike 1-1: Ground out 5-3 (Groundball, 56)
|
Bottom of the 5th over - 1 run(s), 2 hit(s), 0 error(s), 1 left on base; District 9 5 - Albuquerque 6 |
TOP OF THE 6TH |
District 9 Prawns batting - Pitching for Albuquerque Isotopes : RHP Mark Sanders
|
Batting: RHB Phil Jacobs
|
0-0: Called Strike 0-1: Ground out U3 (Groundball, 3)
|
Batting: RHB José Colón
|
0-0: Ball 1-0: Fly out, F5 (Popup, 5L)
|
Batting: RHB Boyd Pittman
|
0-0: Called Strike 0-1: Swinging Strike 0-2: Ball 1-2: Strikes out swinging, 2-3 out at first.
|
Top of the 6th over - 0 run(s), 0 hit(s), 0 error(s), 0 left on base; District 9 5 - Albuquerque 6 |
BOTTOM OF THE 6TH |
Albuquerque Isotopes batting - Pitching for District 9 Prawns : RHP Tim Hill
|
Pitching: RHP Juan Gutiérrez
|
|
Batting: LHB Bernardo Montés
|
0-0: Ball 1-0: Called Strike 1-1: Ball 2-1: Foul Ball, location: 2F 2-2: Ball 3-2: Fly out, F3 (Popup, 3L)
|
Batting: LHB José González
|
0-0: Ball 1-0: Called Strike 1-1: Ball 2-1: Called Strike 2-2: Ball 3-2: Base on Balls
|
Batting: RHB Roberto Tobías
|
0-0: Ball 1-0: DOUBLE (Line Drive, 89S) José González to third
|
Batting: RHB Alden Isenhood
|
0-0: Ball 1-0: Ball 2-0: Fly out, F8 (Flyball, 8RS) Runner from 3rd tags up, SCORES, no throw
|
Batting: RHB Arturo García
|
0-0: Called Strike 0-1: Ball 1-1: Ground out 4-3 (Groundball, 4)
|
Bottom of the 6th over - 1 run(s), 1 hit(s), 0 error(s), 1 left on base; District 9 5 - Albuquerque 7 |
TOP OF THE 7TH |
District 9 Prawns batting - Pitching for Albuquerque Isotopes : RHP Mark Sanders
|
Now in LF: Víctor Solano
|
|
Batting: LHB Tommy Payne
|
0-0: Ball 1-0: Foul Ball, location: 2F 1-1: SINGLE (Line Drive, 6MD)
|
Batting: LHB Pedro Gonzáles
|
0-0: Called Strike 0-1: Ball 1-1: Reached on error, E1 (Groundball, 13S) Tommy Payne to third
|
Pinch Hitting: LHB Mike Davis
|
0-0: Ball 1-0: Ball 2-0: Ground out 4-3 (Groundball, 4)
|
Batting: RHB António Zúñiga
|
0-0: Ground out 5-3 (Groundball, 25)
|
Batting: SHB Rick Turner
|
0-0: Called Strike 0-1: Fly out, F5 (Line Drive, 56S)
|
Top of the 7th over - 0 run(s), 1 hit(s), 1 error(s), 2 left on base; District 9 5 - Albuquerque 7 |
BOTTOM OF THE 7TH |
Albuquerque Isotopes batting - Pitching for District 9 Prawns : RHP Juan Gutiérrez
|
Now in CF: Culley Vaughan
|
|
Batting: RHB Juan Vareas
|
0-0: Ground out 4-3 (Groundball, 4)
|
Batting: LHB Pedro Cruz
|
0-0: Ball 1-0: Ball 2-0: Ball 3-0: Base on Balls
|
Batting: RHB Rick Ayliffe
|
0-0: Ball 1-0: SINGLE (Groundball, 6D) Pedro Cruz to second
|
Pitching: RHP José Huerta
|
|
Pinch Hitting: LHB Bob Smith
|
0-0: Called Strike 0-1: Ball 1-1: Ball 2-1: Foul Ball, location: 2F 2-2: Ball 3-2: Strikes out looking
|
Batting: LHB Bernardo Montés
|
0-0: 3-RUN HOME RUN (Flyball, 9D), Distance : 387 ft
|
Batting: RHB Víctor Solano
|
0-0: Ball 1-0: Ball 2-0: Ball 3-0: Called Strike 3-1: Ground out 6-3 (Groundball, 6M)
|
Bottom of the 7th over - 3 run(s), 2 hit(s), 0 error(s), 0 left on base; District 9 5 - Albuquerque 10 |
TOP OF THE 8TH |
District 9 Prawns batting - Pitching for Albuquerque Isotopes : RHP Mark Sanders
|
Now at 3B: Dave Mullen
|
|
Batting: RHB Edgardo Carrasco
|
0-0: SINGLE (Groundball, 56D)
|
Batting: RHB Phil Jacobs
|
0-0: Ball 1-0: Fly out, F5 (Line Drive, 5)
|
Batting: RHB José Colón
|
0-0: Foul Ball, location: 2F 0-1: Ball 1-1: Ground out 4-3 (Groundball, 34) Edgardo Carrasco to second
|
Batting: RHB Boyd Pittman
|
0-0: Foul Ball, location: 2F 0-1: Ball 1-1: Ball 2-1: Swinging Strike 2-2: SINGLE (Line Drive, 8RS) Edgardo Carrasco to third Runner from 3rd tries for Home, SAFE, no throw
|
Pitching: RHP Manny Muñóz
|
|
Batting: LHB Tommy Payne
|
0-0: Fielders Choice at 2nd, 4-6 (Groundball, 34)
|
Top of the 8th over - 1 run(s), 2 hit(s), 0 error(s), 0 left on base; District 9 6 - Albuquerque 10 |
BOTTOM OF THE 8TH |
Albuquerque Isotopes batting - Pitching for District 9 Prawns : RHP José Huerta
|
Batting: RHB Roberto Tobías
|
0-0: Called Strike 0-1: Swinging Strike 0-2: SINGLE (Groundball, 4MD)
|
Batting: RHB Alden Isenhood
|
0-0: Ball 1-0: Called Strike 1-1: Ball 2-1: Called Strike 2-2: SINGLE (Line Drive, 6D) Roberto Tobías to second
|
Batting: RHB Arturo García
|
0-0: Fly out, F7 (Line Drive, 7D) Runner from 2nd tags up, SAFE at 3rd, no throw
|
Batting: RHB Juan Vareas
|
0-0: Ball 1-0: Called Strike 1-1: Called Strike Alden Isenhood steals 2nd base 1-2: Foul Ball, location: 2F Balk! Roberto Tobías scores Alden Isenhood to third 1-2: SINGLE (Groundball, 6MD) Alden Isenhood scores
|
Pitching: RHP Clayton Hawkins
|
|
Batting: LHB Pedro Cruz
|
0-0: Ball 1-0: Swinging Strike 1-1: Ball 2-1: SINGLE (Groundball, 56) (infield hit) Juan Vareas to second
|
Pitching: RHP Mike Stabler
|
|
Batting: RHB Rick Ayliffe
|
0-0: Called Strike 0-1: Ball 1-1: Fly out, F7 (Flyball, 7)
|
Batting: RHB Dave Mullen
|
0-0: Ball 1-0: Called Strike 1-1: Ball 2-1: Ball 3-1: Foul Ball, location: 2F 3-2: Foul Ball, location: 2F 3-2: Foul Ball, location: 2F 3-2: Base on Balls Juan Vareas to third Pedro Cruz to second
|
Batting: LHB Bernardo Montés
|
0-0: Called Strike 0-1: Foul Ball, location: 2F 0-2: Ball 1-2: SINGLE (Line Drive, 9LM) Juan Vareas scores Pedro Cruz to third Dave Mullen to second Runner from 3rd tries for Home, SAFE, no throw
|
Pinch Hitting: LHB Juan Carlos Sánchez
|
0-0: Fly out, F5 (Popup, 5S)
|
Bottom of the 8th over - 4 run(s), 5 hit(s), 0 error(s), 2 left on base; District 9 6 - Albuquerque 14 |
TOP OF THE 9TH |
District 9 Prawns batting - Pitching for Albuquerque Isotopes : RHP Manny Muñóz
|
Now in LF: Mark Vestal
|
|
Batting: LHB Pedro Gonzáles
|
0-0: Ball 1-0: Fly out, F9 (Line Drive, 9D)
|
Batting: LHB Culley Vaughan
|
0-0: Called Strike 0-1: SINGLE (Groundball, 56D)
|
Batting: RHB António Zúñiga
|
0-0: Ball 1-0: Ball 2-0: Called Strike 2-1: Ball 3-1: Called Strike 3-2: Foul Ball, location: 2F 3-2: Foul Ball, location: 2F 3-2: Foul Ball, location: 2F 3-2: Fly out, F4 (Popup, 4MD)
|
Batting: SHB Rick Turner
|
0-0: Called Strike 0-1: Swinging Strike 0-2: Ball 1-2: Ball 2-2: Foul Ball, location: 2F 2-2: Foul Ball, location: 2F 2-2: Fielders Choice at 2nd, 6-4 (Groundball, 6)
|
Top of the 9th over - 0 run(s), 1 hit(s), 0 error(s), 0 left on base; District 9 6 - Albuquerque 14 |
|